Map: Cerulean Fall LE

Players

Odin - Winner!

  • Race: Protoss Protoss
  • League: Gold
  • Spawn Location: 1:00

keyser

  • Race: Terran Terran
  • League: Gold
  • Spawn Location: 7:00

VOD

Have the link to the VOD?

Description

Time

  • Played on: Dec. 11, 2018, 11:10 p.m.
  • Length: 13:28
Show
View Real Time Build Order
Export as new Build Order

Odin Protoss - Winner!

Build Orders: Oracle Opening 

Get SALT Encoding   

  12  0:05  Probe  
  13  0:17  Probe  
  13  0:18  Pylon  
  14  0:36  Gateway  
  14  0:40  Probe  
  15  0:52  Probe  
  16  1:00  Assimilator  
  16  1:04  Probe  
  17  1:17  Pylon  
  17  1:25  Cybernetics Core  
  17  1:31  Probe  
  18  1:44  Probe  
  18  1:45  Assimilator  
  19  1:52  Gateway  
  18  1:56  Probe  
  19  2:01  Warp Gate  
  19  2:03  Adept  
  19  2:04  Probe  
  22  2:12  Probe  
  22  2:22  Probe  
  24  2:31  Adept  
  26  2:44  Stargate  
  26  2:48  Adept  
  28  2:53  Probe  
  29  3:12  Nexus  
  29  3:13  Pylon  
  29  3:31  Oracle  
  29  3:34  Shield Battery  
  32  3:38  Pylon  
  32  3:51  Probe  
  33  4:16  Probe  
  34  4:19  Stalker  
  34  4:20  Stalker  
  38  4:25  Probe  
  38  4:28  Probe  
  40  4:37  Probe, Gateway  
  41  4:39  Twilight Council  
  41  4:40  Probe  
  41  4:41  Gateway  
  42  4:49  Probe  
  36  5:20  Stalker x2  
  36  5:46  Stalker x2  
  36  5:47  Stalker x2  
  44  6:02  Probe  
  46  6:04  Probe  
  46  6:14  Probe  
  46  6:16  Probe  
  46  6:17  Stalker x4  
  56  6:26  Oracle, Probe  
  56  6:28  Probe  
  61  6:38  Probe  
  62  6:47  Pylon  
  62  6:49  Assimilator  
  62  6:51  Assimilator  
  62  6:54  Pylon  
  62  7:04  Charge  
  62  7:10  Probe x2  
  64  7:17  Zealot x3  
  64  7:18  Zealot  
  72  7:31  Gateway  
  72  7:32  Gateway, Pylon  
  72  7:34  Pylon  
  66  7:53  Probe  
  66  7:54  Probe  
  68  8:05  Templar Archives  
  68  8:06  Probe x2  
  68  8:12  Robotics Facility, Oracle  
  73  8:18  Probe x2  
  75  8:23  Shield Battery  
  75  8:29  Forge  
  75  8:30  Probe x2  
  77  8:35  Forge  
  77  8:42  Probe  
  78  8:54  Nexus  
  78  9:20  Pylon  
  78  9:24  Pylon  
  78  9:25  Pylon  
  78  9:27  High Templar x2  
  78  9:28  High Templar x2  
  78  9:30  Psionic Storm  
  86  9:32  Zealot x2  
  86  9:34  Immortal  
  94  9:55  Robotics Bay  
  94  9:59  Protoss Ground Weapons Level 1  
  94  10:02  Zealot  
  94  10:03  Zealot x5  
  106  10:07  Protoss Ground Armor Level 1  
  106  10:13  Observer  
  107  10:26  Assimilator  
  107  10:30  Assimilator  
  107  10:40  Zealot x6  
  119  10:59  Extended Thermal Lance  
  119  11:04  Colossus  
  125  11:14  Probe x2  
  125  11:15  Probe  
  128  11:25  Stargate  
  128  11:26  Probe x2  
  128  11:27  Probe  
  131  11:38  Fleet Beacon, Probe x2  
  133  11:42  Pylon  
  133  11:48  Photon Cannon  
  133  11:49  Photon Cannon  
  133  11:50  Shield Battery x2  
  133  12:00  Probe x3  
  136  12:05  Pylon  
  136  12:06  Gateway  
  136  12:07  Gateway  
  136  12:09  High Templar  
  136  12:10  High Templar  
  140  12:17  Probe  
  141  12:23  Probe x2  
  141  12:29  Probe  
  144  12:57  Pylon  
  149  13:00  Pylon  
Show
View Real Time Build Order
Export as new Build Order

keyser Terran 

Build Orders:  

Get SALT Encoding   

  12  0:01  SCV  
  13  0:16  Supply Depot  
  13  0:21  SCV  
  14  0:33  SCV  
  15  0:38  Barracks  
  15  0:51  SCV  
  15  0:52  Refinery  
  16  1:03  SCV  
  17  1:15  SCV  
  18  1:26  Supply Depot  
  18  1:27  SCV  
  18  1:29  Marine  
  20  1:34  Barracks  
  20  1:41  Orbital Command  
  20  1:56  Factory  
  20  2:06  Barracks Tech Lab  
  20  2:10  Refinery, SCV  
  21  2:23  Barracks Reactor  
  21  2:27  Marine  
  22  2:45  Marine  
  22  2:48  Starport  
  23  2:56  Factory Tech Lab  
  23  3:03  Marine  
  23  3:04  Command Center  
  24  3:09  Combat Shield  
  24  3:17  Marine x2  
  26  3:28  Medivac  
  26  3:34  Supply Depot  
  28  3:47  Marine x2  
  30  3:49  Marine  
  32  3:55  SCV  
  32  4:04  Marine  
  32  4:07  SCV  
  34  4:18  Marine  
  34  4:19  Marine  
  34  4:20  SCV  
  34  4:23  Siege Tank  
  40  4:24  Starport Reactor  
  40  4:26  Orbital Command  
  40  4:38  Engineering Bay  
  40  4:40  Marine x2  
  42  4:45  Orbital Command  
  42  4:58  Marine x3  
  39  5:16  Marine x3  
  39  5:54  Medivac x2  
  37  5:59  Marauder  
  37  6:02  Stimpack  
  38  6:08  SCV x2  
  40  6:20  Marauder, SCV x2  
  40  6:23  Missile Turret  
  40  6:24  Viking  
  46  6:31  Missile Turret  
  46  6:39  Marine  
  46  6:40  Marine  
  46  6:41  Marauder  
  50  6:57  Marine x2  
  52  7:03  Marauder  
  54  7:28  Supply Depot  
  54  7:30  Supply Depot  
  54  7:32  Supply Depot  
  54  7:33  Armory  
  54  7:36  SCV  
  55  7:37  SCV  
  55  7:39  Marine x2, Marauder  
  60  7:48  SCV  
  61  7:57  Marine x2, Siege Tank, Starport Tech Lab  
  66  7:58  Starport  
  66  8:01  Marauder  
  66  8:02  SCV  
  69  8:13  SCV  
  69  8:14  Marine  
  69  8:15  Marine  
  72  8:22  Marauder  
  72  8:25  SCV  
  75  8:29  Siege Tank  
  75  8:32  Marine  
  79  8:37  SCV  
  80  8:45  Supply Depot  
  80  8:52  SCV  
  80  8:53  Refinery x2  
  81  9:04  SCV  
  81  9:06  Thor  
  88  9:15  Supply Depot  
  88  9:16  SCV, Supply Depot, Terran Infantry Weapons Level 1  
  89  9:23  Terran Vehicle And Ship Armor Level 1  
  89  9:41  SCV  
  89  9:44  Marine x3  
  93  9:49  Thor  
  99  9:53  SCV  
  99  9:54  Raven  
  102  10:02  Marine x3  
  102  10:05  SCV  
  106  10:19  Marine x2  
  106  10:20  Marauder, Command Center  
  110  10:31  Sensor Tower  
  110  11:10  Hi-Sec Auto Tracking  
  110  11:11  Supply Depot  
  110  11:13  Supply Depot  
  110  11:18  Supply Depot  
  110  11:20  Terran Vehicle Weapons Level 1  
  110  11:31  Marine x2  
  110  11:32  Marauder, SCV x2, Medivac x2  
  120  11:44  SCV x2  
  122  11:49  Marine x2  
  122  11:53  Marauder  
  126  12:02  Medivac x2  
  126  12:05  Planetary Fortress  
  126  12:07  Marine x2  
  132  12:12  SCV x2  
  132  12:15  Marauder  
  136  12:20  Supply Depot  
  136  12:23  Supply Depot, Siege Tank  
  136  12:24  SCV x2  
  136  12:25  Marine x2  
  136  12:27  Raven  
  145  12:36  Marauder, SCV  
  148  12:43  Marine x2, Supply Depot  
  150  12:55  Siege Tank  
  150  12:57  Marine  
Tags
 
Add a new tag
Caveats
  • Supply blocks, unpowered buildings, or Contaminate may cause inaccurate times.
  • Supply counts are checked every 10 seconds.